 Dungeon Crawl Stone Soup version 0.28-b1-1-g3c77fb2ed1 (webtiles) character file.

Game seed: 13847511139580059397

21028 fishdoom the Bludgeoner (level 12, -2/168 HPs)
             Began as a Minotaur Fighter on Jan 28, 2022.
             Was a High Priest of Uskayaw.
             Succumbed to a merfolk javelineer's poison
             ... on level 2 of the Shoals.
             The game lasted 00:39:12 (10719 turns).

fishdoom the Bludgeoner (Minotaur Fighter)         Turns: 10719, Time: 00:39:13

Health: -2/168     AC: 21    Str: 26    XL:     12   Next: 50%
Magic:  11/11      EV:  9    Int:  5    God:    Uskayaw [*****.]
Gold:   583        SH:  6    Dex: 16    Spells: 11/11 levels left

rFire   . . .      SeeInvis +   s - +10 morningstar "Eos" {elec, Halo rElec}
rCold   . . .      Faith    .   c - +0 buckler
rNeg    . . .      Spirit   .   z - +0 plate armour
rPois   .          Reflect  .   (helmet restricted)
rElec   +          Harm     .   e - +0 cloak
rCorr   .          Rampage  +   h - +1 pair of gloves
Will    .....                   q - +0 pair of boots {rampage}
Stlth   ..........              (no amulet)
HPRegen 0.38/turn               n - ring of see invisible
MPRegen 0.12/turn               y - +6 ring of dexterity

@: berserking, lethally poisoned (-2 -> -21), glowing, very quick
A: horns 2, retaliatory headbutt
a: Renounce Religion, Stomp, Line Pass, Grand Finale


You were on level 2 of the Shoals.
You worshipped Uskayaw.
Uskayaw was noncommittal.
You visited 3 branches of the dungeon, and saw 13 of its levels.

You collected 583 gold pieces.

Inventory:

Hand Weapons
 a - a +0 war axe
 s - the +10 morningstar "Eos" (weapon) {elec, Halo rElec}
   (You found it on level 4 of the Dungeon)

   It occasionally discharges a powerful burst of electricity upon striking a
   foe.
   It grants its wielder a halo, increasing accuracy against those within it.
   rElec:     It insulates you from electricity.
 v - a +2 whip of flaming
 x - a +4 spear of freezing
 B - the +7 spear "Hyl Wyr" {vorpal, rN+}
   (You found it on level 6 of the Dungeon)

   It inflicts extra damage upon your enemies.
   rN:        It protects you from negative energy.
 K - a +1 spear of flaming
Missiles
 g - 16 poisoned darts (quivered)
 P - 3 datura-tipped darts
Armour
 c - a +0 buckler (worn)
 e - a +0 cloak (worn)
 h - a +1 pair of gloves (worn)
 q - a +0 pair of boots of rampaging (worn)
 z - a +0 plate armour (worn)
 L - a +0 scale mail of poison resistance
Jewellery
 n - a ring of see invisible (left hand)
 y - a +6 ring of dexterity (right hand)
 J - a ring of fire
 Q - a ring of flight
Wands
 i - a wand of digging (8)
 w - a wand of charming (2)
 E - a wand of acid (12)
 N - a wand of flame (8)
Scrolls
 b - a scroll of identify
 j - 3 scrolls of immolation {unknown}
 k - 2 scrolls of fog {unknown}
 l - a scroll of blinking {unknown}
 m - 5 scrolls of teleportation
 r - 2 scrolls of amnesia {unknown}
 t - a scroll of enchant armour {unknown}
 C - a scroll of magic mapping {unknown}
 D - a scroll of acquirement {unknown}
 F - a scroll of fear {unknown}
 H - 2 scrolls of noise {unknown}
Potions
 d - a potion of might
 f - 2 potions of magic
 o - 3 potions of berserk rage
 p - a potion of haste
 A - a potion of brilliance
 G - 4 potions of curing
 I - 3 potions of flight
 O - 2 potions of lignification {unknown}


   Skills:
 + Level 12.1 Fighting
 + Level 6.3(11.8) Axes
 - Level 15.5(16.0) Maces & Flails
 - Level 0.5 Throwing
 + Level 12.5 Armour
 + Level 3.6 Dodging
 - Level 0.2 Stealth
 + Level 8.4 Shields


You had 11 spell levels left.
You didn't know any spells.
Your spell library contained the following spells:

 Spells                   Type           Power      Damage    Failure   Level
 Pain                     Necr           0%         1d4       99%         1
 Corpse Rot               Necr/Air       0%         N/A       100%        2
 Inner Flame              Hex/Fire       0%         N/A       100%        3
 Ozocubu's Armour         Ice            0%         N/A       100%        3
 Cause Fear               Hex            0%         N/A       100%        4
 Dispel Undead            Necr           0%         3d6       100%        4
 Agony                    Necr           0%         N/A       100%        5
 Excruciating Wounds      Necr           0%         N/A       100%        5
 Metabolic Englaciation   Hex/Ice        0%         N/A       100%        5
 Death Channel            Necr           0%         N/A       100%        6
 Simulacrum               Ice/Necr       0%         N/A       100%        6
 Discord                  Hex            0%         N/A       100%        8


Dungeon Overview and Level Annotations

Branches:
Dungeon (9/15)             Temple (0/1) D:6            Lair (2/6) D:8
 Shoals (1/4) Lair:2        Snake (0/4) Lair:2
    Orc: D:9-12

Altars:
Cheibriados
Dithmenos
Qazlal
Sif Muna
Trog
Uskayaw
Xom
The Shining One


Innate Abilities, Weirdness & Mutations

You have a pair of horns on your head.
You reflexively headbutt those who attack you in melee.


Message History

You block the merfolk javelineer's attack.
You can now merge with and destroy a victim.
You bludgeon the merfolk impaler!!
Lightning courses through the merfolk impaler!!
You headbutt the merfolk impaler.
You kill the merfolk impaler!
* * * LOW HITPOINT WARNING * * *
You feel very sick.
Your Armour skill increases to level 12!
You are too berserk!
Okay, then.
You rampage towards the merfolk javelineer!
You crush the merfolk javelineer like a grape!!!
Lightning courses through the merfolk javelineer!
You kill the merfolk javelineer!
You hear a splash. x3
* * * LOW HITPOINT WARNING * * *
You feel very sick.
The merfolk javelineer is no longer sharing its pain.
The merfolk impaler barely misses you. You furiously retaliate!
You headbutt the merfolk impaler!
The merfolk javelineer throws a silver javelin.
The silver javelin pierces through you.
* * * LOW HITPOINT WARNING * * *
x2 You barely miss the merfolk javelineer.
Your headbutt misses the merfolk javelineer.
The merfolk javelineer is severely wounded.
* * * LOW HITPOINT WARNING * * *
You feel sick. The merfolk impaler barely misses you.
You impale the merfolk javelineer!!
You kill the merfolk javelineer!
You hear a splash. x3
* * * LOW HITPOINT WARNING * * *
You feel very sick.
The merfolk impaler hits you but does no damage.
Your Fighting skill increases to level 12!
You bludgeon the merfolk impaler!!
Lightning courses through the merfolk impaler!!
The merfolk impaler is severely wounded.
You die...

≈≈≈≈≈≈≈≈≈≈≈≈≈≈≈≈≈
≈≈≈≈≈≈≈≈≈≈≈..≈≈≈
≈≈≈≈≈≈≈≈≈...≈≈#####
≈≈≈≈≈≈≈≈....≈##≈≈≈## .
≈≈≈≈≈≈≈.....≈#≈≈≈≈≈# ...
≈≈≈≈≈≈......≈#≈≈≈≈≈# ....
≈≈≈≈≈.......≈#≈≈≈≈≈#≈....
..≈≈........≈##))m##≈....
.≈≈≈≈.......≈≈##@##≈≈....
≈≈≈≈≈≈......≈≈≈...≈≈≈....
.≈...........≈≈...≈≈.....
.......(...|...........(.
....#................####
...##................#
...###...†.)######......
$≈≈.#....≈)#### .≈..(.
≈≈≈.....)...#.###......≈


You could see a merfolk impaler.

Vanquished Creatures
  3 merfolk javelineers (Shoals:2)
  2 merfolk impalers (Shoals:2)
  2 boulder beetles (Lair:2)
  A two-headed ogre (D:7)
  2 sea snakes (Shoals:1)
  Pikel (D:5)
  2 manticores
  A water nymph (Shoals:2)
  6 cane toads
  3 komodo dragons
  3 merfolk (Shoals:2)
  A polar bear (Lair:2)
  A wind drake (Shoals:2)
  2 hornets (D:8)
  11 blink frogs
  A snapping turtle (Shoals:2)
  Sigmund (D:3)
  2 water elementals (Shoals:2)
  10 yaks
  2 basilisks
  Menkaure (D:7)
  4 nagas (Lair:2)
  2 wargs (D:8)
  8 water moccasins
  Duvessa (D:7)
  3 orc warriors
  An ice beast (D:6)
  2 black bears
  3 ogres
  2 phantoms (D:5)
  5 centaurs
  A lemure (D:5)
  7 bullfrogs
  A gnoll sergeant (D:6)
  2 scorpions
  A water moccasin zombie (D:6)
  A water moccasin skeleton (D:4)
  Dowan (D:7)
  5 killer bees (D:8)
  An electric eel (Lair:1)
  A howler monkey (D:6)
  2 centaur zombies (D:8)
  A bullfrog zombie (D:6)
  2 hounds
  3 jellies
  2 bullfrog skeletons (D:5)
  2 orc priests (D:8)
  A centaur skeleton (D:7)
  3 iguanas
  3 orc wizards
  Natasha (thrice) (D:4)
  A hound skeleton (D:5)
  A howler monkey zombie (D:8)
  9 gnolls
  10 adders
  A river rat (Lair:1)
  3 shadow imps
  2 white imps (D:7)
  An ufetubus (D:5)
  4 worms
  4 dart slugs
  26 orcs
  6 bats
  4 endoplasms
  7 giant cockroaches
  4 goblins
  9 hobgoblins
  2 quokkas
  13 ball pythons
  11 frilled lizards
  7 kobolds
  7 rats
264 creatures vanquished.

Vanquished Creatures (others)
  15 fungi
  12 plants
27 creatures vanquished.

Grand Total: 291 creatures vanquished

Notes
Turn   | Place    | Note
-------+----------+-------------------------------------------
     0 | D:1      | fishdoom the Minotaur Fighter began the quest for the Orb.
     0 | D:1      | Reached XP level 1. HP: 19/19 MP: 0/0
    94 | D:1      | Reached XP level 2. HP: 23/27 MP: 1/1
   653 | D:1      | Reached XP level 3. HP: 33/33 MP: 2/2
   654 | D:1      | Found a faded altar of an unknown god.
  1005 | D:2      | Reached XP level 4. HP: 40/40 MP: 3/3
  1727 | D:3      | Found a hide-covered altar of Uskayaw.
  1727 | D:3      | Noticed a +0 dagger
  1727 | D:3      | Noticed a +0 dagger
  1739 | D:3      | Became a worshipper of Uskayaw the Reveller
  1740 | D:3      | Noticed Sigmund
  1757 | D:3      | Reached * piety under Uskayaw
  1759 | D:3      | Killed Sigmund
  1759 | D:3      | Reached ** piety under Uskayaw
  1760 | D:3      | Reached skill level 5 in Axes
  1760 | D:3      | Reached skill level 1 in Dodging
  1760 | D:3      | Reached XP level 5. HP: 19/47 MP: 4/4
  1760 | D:3      | Reached XP level 6. HP: 22/53 MP: 5/5
  1949 | D:3      | Found a shimmering blue altar of Sif Muna.
  2060 | D:3      | Found a snail-covered altar of Cheibriados.
  2115 | D:3      | Identified the +2 robe of the Raven {rC- Will+ Int+2}
  2398 | D:3      | Identified the ring of Osoerer {Wiz Dex+4}
  2522 | D:4      | Noticed Natasha
  2527 | D:4      | Killed Natasha
  2528 | D:4      | Reached skill level 5 in Armour
  2532 | D:4      | Noticed Natasha
  2540 | D:4      | Killed Natasha
  2544 | D:4      | Found the +10 morningstar "Eos" {elec, Halo rElec}
  2605 | D:4      | Found a shadowy altar of Dithmenos.
  2616 | D:4      | Found a glowing golden altar of the Shining One.
  2628 | D:4      | Noticed Natasha
  2632 | D:4      | Killed Natasha
  2716 | D:4      | Found a shimmering altar of Xom.
  2853 | D:4      | Reached skill level 1 in Maces & Flails
  2853 | D:4      | Reached XP level 7. HP: 60/60 MP: 6/6
  3117 | D:5      | Entered Level 5 of the Dungeon
  3129 | D:5      | Reached skill level 5 in Fighting
  3129 | D:5      | Reached skill level 2 in Maces & Flails
  3135 | D:5      | Reached *** piety under Uskayaw
  3256 | D:5      | Reached skill level 3 in Maces & Flails
  3294 | D:5      | Noticed Pikel
  3302 | D:5      | Killed Pikel
  3303 | D:5      | Reached skill level 6 in Maces & Flails
  3303 | D:5      | Reached XP level 8. HP: 70/70 MP: 3/7
  3361 | D:5      | Reached skill level 7 in Maces & Flails
  3540 | D:5      | Reached skill level 8 in Maces & Flails
  3540 | D:5      | Reached skill level 5 in Shields
  3825 | D:6      | Identified the +7 spear "Hyl Wyr" {vorpal, rN+}
  4493 | D:6      | Reached XP level 9. HP: 76/78 MP: 8/8
  4496 | D:6      | Reached **** piety under Uskayaw
  4498 | D:6      | Reached skill level 9 in Maces & Flails
  5349 | D:6      | Found a staircase to the Ecumenical Temple.
  5886 | D:7      | Found a bloodstained altar of Trog.
  5945 | D:7      | Noticed a two-headed ogre
  5952 | D:7      | Killed a two-headed ogre
  5953 | D:7      | Reached skill level 10 in Maces & Flails
  6067 | D:7      | Found a stormy altar of Qazlal.
  6102 | D:7      | Noticed Duvessa
  6102 | D:7      | Noticed Dowan
  6109 | D:7      | Killed Duvessa
  6115 | D:7      | Killed Dowan
  6302 | D:7      | Noticed a manticore
  6313 | D:7      | Killed a manticore
  6673 | D:7      | Noticed Menkaure
  6677 | D:7      | Killed Menkaure
  6678 | D:7      | Reached XP level 10. HP: 88/88 MP: 9/9
  7120 | D:8      | Found a staircase to the Lair.
  7128 | D:8      | Reached skill level 11 in Maces & Flails
  7891 | Lair:1   | Entered Level 1 of the Lair of Beasts
  7896 | Lair:1   | Noticed a cane toad
  7904 | Lair:1   | Killed a cane toad
  7905 | Lair:1   | Reached skill level 12 in Maces & Flails
  8196 | Lair:1   | Reached skill level 13 in Maces & Flails
  8198 | Lair:1   | Reached ***** piety under Uskayaw
  8245 | Lair:1   | Noticed a cane toad
  8247 | Lair:1   | Noticed a cane toad
  8251 | Lair:1   | Reached XP level 11. HP: 74/97 MP: 10/10
  8959 | Lair:2   | Found a transporter.
  8961 | Lair:2   | Found a transporter.
  8962 | Lair:2   | Noticed a boulder beetle
  8962 | Lair:2   | Noticed a boulder beetle
  8980 | Lair:2   | Killed a boulder beetle
  8985 | Lair:2   | Killed a boulder beetle
  8986 | Lair:2   | Reached skill level 10 in Fighting
  8986 | Lair:2   | Reached skill level 14 in Maces & Flails
  8986 | Lair:2   | Reached skill level 10 in Armour
  9281 | Lair:2   | Found a staircase to the Snake Pit.
  9775 | Lair:2   | Reached skill level 15 in Maces & Flails
 10114 | Lair:2   | Found a staircase to the Shoals.
 10123 | Shoals:1 | Entered Level 1 of the Shoals
 10123 | Shoals:1 | Noticed a sea snake
 10131 | Shoals:1 | Killed a sea snake
 10132 | Shoals:1 | Reached XP level 12. HP: 108/108 MP: 11/11
 10389 | Shoals:1 | You fall into a shaft and drop 1 floor!
 10701 | Shoals:2 | Noticed a merfolk javelineer
 10701 | Shoals:2 | Noticed a merfolk javelineer
 10701 | Shoals:2 | Noticed a merfolk javelineer
 10701 | Shoals:2 | Noticed a merfolk impaler
 10701 | Shoals:2 | Noticed a merfolk impaler
 10701 | Shoals:2 | Noticed a merfolk impaler
 10707 | Shoals:2 | Killed a merfolk javelineer
 10713 | Shoals:2 | Killed a merfolk impaler
 10715 | Shoals:2 | Killed a merfolk impaler
 10716 | Shoals:2 | Killed a merfolk javelineer
 10716 | Shoals:2 | HP: 8/168 [poisoned by a merfolk javelineer]
 10718 | Shoals:2 | Killed a merfolk javelineer
 10718 | Shoals:2 | HP: 1/168 [poisoned by a merfolk javelineer]
 10719 | Shoals:2 | Succumbed to a merfolk javelineer's poison

Illustrated notes

Levels and vault maps discovered:
D:1:      wander_arrival_estate, layout_basic,
          shapermc_ecumenical_altar_hornbeckon, columned_hall_lemuel,
          minmay_hexomino_u4
D:2:      layout_loops_ring, kennysheep_nub, chequers_big_river,
          hangedman_feature_mirror, minmay_circle_x
D:3:      layout_loops_ring, lemuel_tele_altar,
          mainiacjoe_overflow_cross_hatched, dancing_weapons_uskayaw,
          uniq_sigmund
D:4:      layout_rooms, nicolae_overflow_hidden_temple, old_standard_altar,
          overflow_temple_1_default, st_stairs_11, uniq_natasha
D:5:      layout_basic, chequers_serial_rivers_micro_c, st_stairs_10,
          grunt_ministairs_8, uniq_pikel
D:6:      nicolae_whirlpool, layout_layer_cave, minmay_temple_entry_grid
D:7:      layout_loops_corners, mainiacjoe_overflow_six_doors_small,
          kennysheep_mini, uniq_duvessa, uniq_menkaure
D:8:      layout_loops_ring, erik_lair_orcish_takeover
D:9:      kennysheep_blocky_hall, layout_stronghold, lemuel_round_altar,
          nicolae_ru_path_of_blood, minmay_fractal_squares_diagonal_5
Lair:1:   layout_gridlike, pond, grunt_megastairs_3
Lair:2:   gammafunk_boulding_lane, layout_long_grid, shoals_dummy_entry,
          minmay_snake_entry_guardpost_small, st_stairs_5, lemuel_fruit_fields
Shoals:1: layout_shoals, nicolae_shoals_spectral_cove
Shoals:2: layout_shoals, nicolae_shoals_mertower, uniq_ilsuiw

Skill      XL: |  1  2  3  4  5  6  7  8  9 10 11 12 |
---------------+-------------------------------------+-----
Armour         | 4 5 6 8 9 10 12 | 12.5
Fighting       | 4 5 6 8 9 10 12 | 12.1
Shields        | 4 5 6 7 8 |  8.4
Axes           | 3 5 6 |  6.3
Dodging        | 1 2 3 |  3.6
Maces & Flails | 1 6 8 10 13 15 | 15.5
Throwing       | |  0.5
Stealth        | |  0.2

Action                   |  1- 3 |  4- 6 |  7- 9 | 10-12 || total
-------------------------+-------+-------+-------+-------++-------
Melee: War axe           |    80 |    71 |       |       ||   151
       Headbutt          |    10 |    11 |    21 |    57 ||    99
       Morningstar       |       |    15 |   108 |   231 ||   354
Throw: Dart              |     2 |       |     2 |       ||     4
Invok: Stomp             |       |       |     1 |       ||     1
  Use: Potion            |       |     1 |       |     4 ||     5
       Scroll            |       |       |     7 |     3 ||    10
 Stab: Paralysed         |       |       |     3 |    13 ||    16
Armor: Scale mail        |    49 |    47 |    20 |       ||   116
       Plate armour      |       |       |    54 |    87 ||   141
Dodge: Dodged            |    36 |    39 |    59 |    75 ||   209
Block: Buckler           |    20 |    12 |    33 |    45 ||   110
